Map: Overgrowth LE (Void)

Players

Anguish

  • Race: Protoss Protoss
  • League: Silver
  • Spawn Location: 1:00

A.I. 1 (Very Easy) - Winner!

  • Race: Protoss Protoss
  • Spawn Location: 7:00

VOD

Have the link to the VOD?

Description

Time

  • Played on: Dec. 22, 2016, 8:48 a.m.
  • Length: 6:22
Show
View Real Time Build Order
Export as new Build Order

Anguish Protoss 

Build Orders: Oracle Opening 

Get SALT Encoding   

  12  0:01  Probe (Chrono Boost)  
  13  0:11  Probe (Chrono Boost)  
  14  0:19  Pylon  
  14  0:22  Probe (Chrono Boost)  
  15  0:37  Probe (Chrono Boost)  
  15  0:42  Gateway  
  16  0:51  Assimilator  
  16  0:52  Probe (Chrono Boost)  
  17  1:01  Assimilator  
  17  1:07  Gateway  
  17  1:10  Probe (Chrono Boost)  
  18  1:20  Probe (Chrono Boost)  
  19  1:31  Probe (Chrono Boost), Cybernetics Core  
  20  1:41  Probe (Chrono Boost)  
  20  1:43  Pylon  
  21  1:52  Probe (Chrono Boost)  
  22  2:02  Probe (Chrono Boost)  
  25  2:08  Adept x2  
  25  2:10  Warp Gate  
  25  2:13  Mothership Core (Chrono Boost)  
  29  2:30  Pylon  
  29  2:35  Adept  
  31  2:43  Stargate  
  31  2:48  Adept  
  33  3:05  Nexus  
  33  3:08  Probe (Chrono Boost)  
  34  3:19  Probe (Chrono Boost)  
  35  3:22  Oracle  
  38  3:31  Probe (Chrono Boost)  
  39  4:03  Pylon  
  39  4:12  Oracle  
  39  4:17  Stalker x2  
  39  4:19  Probe (Chrono Boost)  
  47  4:29  Robotics Facility  
  47  4:31  Probe (Chrono Boost)  
  48  5:31  Observer  
  49  5:36  Void Ray  
  49  5:37  Stalker x2  
  57  5:46  Probe (Chrono Boost)  
  58  5:57  Probe (Chrono Boost)  
  59  6:07  Probe (Chrono Boost)  
  62  6:11  Pylon  
  62  6:12  Pylon  
  62  6:14  Pylon  
Show
View Real Time Build Order
Export as new Build Order

A.I. 1 (Very Easy) Protoss - Winner!

Build Orders: 1 Gate Expand, Nexus First 

Get SALT Encoding   

  12  0:01  Probe (Chrono Boost)  
  13  0:11  Probe (Chrono Boost)  
  14  0:20  Pylon  
  14  0:43  Gateway  
  14  0:59  Nexus  
  14  1:18  Pylon  
  14  1:21  Assimilator  
  14  1:30  Zealot  
  16  1:34  Cybernetics Core  
  16  1:36  Probe (Chrono Boost)  
  17  1:48  Probe (Chrono Boost)  
  18  1:58  Assimilator  
  18  1:59  Probe (Chrono Boost)  
  19  2:10  Probe (Chrono Boost), Stalker  
  19  2:14  Probe (Chrono Boost)  
  23  2:16  Warp Gate  
  23  2:22  Probe (Chrono Boost)  
  25  2:30  Probe (Chrono Boost)  
  25  2:35  Probe (Chrono Boost)  
  26  2:54  Probe (Chrono Boost)  
  26  2:55  Assimilator  
  26  2:57  Pylon  
  27  3:01  Probe (Chrono Boost)  
  27  3:04  Robotics Facility  
  28  3:08  Probe (Chrono Boost)  
  29  3:19  Probe (Chrono Boost)  
  30  3:26  Zealot  
  30  3:27  Probe (Chrono Boost)  
  33  3:33  Probe (Chrono Boost)  
  35  3:42  Probe (Chrono Boost)  
  35  3:47  Probe (Chrono Boost)  
  36  3:51  Observer  
  38  3:55  Probe (Chrono Boost)  
  38  4:02  Probe (Chrono Boost)  
  40  4:10  Probe (Chrono Boost)  
  40  4:12  Observer  
  40  4:16  Probe (Chrono Boost), Assimilator  
  42  4:24  Probe (Chrono Boost)  
  43  4:30  Probe (Chrono Boost)  
  44  4:38  Probe (Chrono Boost)  
  45  4:41  Sentry, Pylon  
  48  4:45  Probe (Chrono Boost)  
  49  4:53  Probe (Chrono Boost)  
  49  4:59  Probe (Chrono Boost)  
Tags
 
Add a new tag
Caveats
  • Supply blocks, unpowered buildings, or Contaminate may cause inaccurate times.
  • Supply counts are checked every 10 seconds.